 Dungeon Crawl Stone Soup version 0.30.0-29-ga12c61a403 (webtiles) character file.

Game seed: 3799815943122118849

91 ChadusMaximus the Caller (level 4, -10/30 HPs)
             Began as a Barachi Summoner on June 23, 2023.
             Mangled by an ogre
             ... wielding a +0 giant club
              (28 damage)
             ... on level 2 of the Dungeon.
             The game lasted 00:04:42 (2613 turns).

ChadusMaximus the Caller (Barachi Summoner)         Turns: 2613, Time: 00:04:43

Health: -10/30     AC:  3    Str:  9    XL:     4   Next: 59%
Magic:  8/8        EV: 12    Int: 18    God:
Gold:   89         SH:  0    Dex: 12    Spells: 3/9 levels left

rFire   . . .        h - +0 dagger (pain)
rCold   . . .        (no shield)
rNeg    . . .        a - +0 robe
rPois   .            o - +0 helmet
rElec   .            (no cloak)
rCorr   .            (no gloves)
SInv    .            (no boots)
Will    .....        m - amulet of regeneration
Stlth   ++           (no ring)
HPRegen 1.05/turn    (no ring)
MPRegen 0.11/turn

%: no passive effects
@: unable to hop, slow
A: amphibious, slowness 1, strong legs 1, +LOS
a: Hop


You were on level 2 of the Dungeon.
You visited 1 branch of the dungeon, and saw 3 of its levels.

You collected 89 gold pieces.

Inventory:

Hand Weapons
 g - a +0 dagger
 h - a +0 dagger of pain (weapon)
Armour
 a - a +0 robe (worn)
 n - the +0 ring mail "Bouduh" {Int+5 Slay-3}
   (You found it on level 2 of the Dungeon)

   Int:       It affects your intelligence (+5).
   Slay:      It affects your accuracy & damage with ranged weapons and melee
   (-3).
 o - a +0 helmet (worn)
Jewellery
 m - an amulet of regeneration (around neck)
Scrolls
 c - a scroll of acquirement {unknown}
 f - 2 scrolls of teleportation {unknown}
 k - 3 scrolls of identify {unknown}
 l - a scroll of poison {unknown}
Potions
 b - a potion of magic
 d - 4 potions of curing {unknown}
 e - a potion of lignification {unknown}
 i - a potion of heal wounds {unknown}
 j - 2 potions of resistance {unknown}


   Skills:
 - Level 2.3 Dodging
 - Level 2.0 Stealth
 + Level 3.1 Spellcasting
 * Level 6.2 Summonings


You had 3 spell levels left.
You knew the following spells:

 Your Spells              Type           Power      Damage    Failure   Level
a - Summon Small Mammal   Summ           100%       N/A       1%          1
b - Call Canine Familiar  Summ           25%        N/A       3%          3
c - Call Imp              Summ           50%        N/A       1%          2

Your spell library contained the following spells:

 Spells                   Type           Power      Damage    Failure   Level
 Summon Guardian Golem    Hex/Summ       14%        N/A       13%         3
 Apportation              Tloc           4%         N/A       16%         1
 Summon Lightning Spire   Summ/Air       14%        N/A       41%         4
 Alistair's Intoxication  Tmut/Pois      1%         N/A       99%         5


Dungeon Overview and Level Annotations

Branches:
Dungeon (3/15)

Altars:

Annotations:
D:2 Grinder
D:3 Jessica, Natasha, Terence


Innate Abilities, Weirdness & Mutations

You are amphibious.
You cover ground slowly.
You can hop short distances.
You have an extended range of vision and can be seen from far away.


Message History

You barely miss the frilled lizard. The frilled lizard misses you.
You barely miss the frilled lizard. The frilled lizard bites you.
You hit the frilled lizard.
You kill the frilled lizard!
There is a stone staircase leading down, spattered with blood here.
There is a stone staircase leading down, spattered with blood here.
HP restored.
There is an open door here.
You start resting.
Magic restored.
There is an open door here.
There is an open door here.
There is an open door here.
There is an open door here.
There is a stone staircase leading down here.
You climb downwards.
Level annotation: Grinder, Jessica, Natasha, Terence The goblin unwields a +0 club.
The goblin wields a +0 sling.
The goblin shoots a sling bullet.
The sling bullet misses you. Grinder gestures at you.
Pain shoots through your body! Grinder hits you but does no damage.
The ogre hits you with a +0 giant club!
There is a stone staircase leading up, spattered with blood here.
The goblin shoots a sling bullet.
The sling bullet hits you.
* * * LOW HITPOINT WARNING * * *
Grinder gestures at you. Pain shoots through your body!
* * * LOW HITPOINT WARNING * * *
You climb upwards.
There is a stone staircase leading down here.
Hop to where?
Press: ? - help, Dir - move target Boing!
There is an open door here.
Grinder says, "Tell me all your secrets, or I'll kill you."
The ogre attacks as you move away! The ogre closely misses you.
Grinder blinks!
The ogre attacks as you move away!
The ogre hits you with a +0 giant club!!
Ouch! That really hurt!
You die...

##.# #.##.# #..........# .#.#
#.##.# #....#####'# ##.# #.##.#
#........... ...# #.##.#
#........... ###########.##.#
#........... ............##.#
#...........
.#############.#######....#######
.# #.O..........##### .#
##.@.............# '############
#...<...........# ...##.......#
#.......##......# ....#.......#
#.......##......# ....#.......#
#.......##<.....# ∩...'.......#
#.......##......# ....#.......#
#.......##......# ....#.......#
#.......##..^...# ...##.......#
####'############


You could see an ogre.

Vanquished Creatures
  Robin (D:2)
  2 adders (D:2)
  An ufetubus (D:3)
  A dart slug (D:2)
  2 bats (D:2)
  3 endoplasms
  A giant cockroach (D:2)
  A kobold (D:2)
  3 quokkas (D:2)
  A frilled lizard (D:2)
  5 goblins
  2 rats
23 creatures vanquished.

Vanquished Creatures (collateral kills)
  A ball python (D:1)
  An endoplasm (D:1)
  2 giant cockroaches (D:1)
  8 goblins (D:2)
  4 hobgoblins
  A kobold (D:1)
  5 bats
  2 frilled lizards
  3 rats (D:1)
  A spectral kobold (D:1)
28 creatures vanquished.

Grand Total: 51 creatures vanquished

Notes
Turn   | Place    | Note
-------+----------+-------------------------------------------
     0 | D:1      | ChadusMaximus the Barachi Summoner began the quest for the
                  | Orb.
     0 | D:1      | Reached XP level 1. HP: 13/13 MP: 3/3
    46 | D:1      | Reached XP level 2. HP: 19/19 MP: 3/5
    67 | D:1      | Reached skill level 5 in Summonings
   329 | D:1      | Found a faded altar of an unknown god.
  1052 | D:2      | Reached XP level 3. HP: 24/24 MP: 4/6
  1059 | D:2      | Learned a level 3 spell: Call Canine Familiar
  1062 | D:2      | Learned a level 2 spell: Call Imp
  1645 | D:2      | Noticed Robin
  1981 | D:2      | Identified the +0 ring mail "Bouduh" {Int+5 Slay-3}
  2021 | D:2      | Reached XP level 4. HP: 30/30 MP: 8/8
  2142 | D:2      | Killed Robin
  2143 | D:2      | Reached skill level 6 in Summonings
  2392 | D:3      | Noticed Jessica
  2392 | D:3      | Noticed Natasha
  2392 | D:3      | Noticed Terence
  2473 | D:3      | Noticed an ogre
  2474 | D:3      | Noticed an ice beast
  2478 | D:3      | Noticed Grinder
  2613 | D:2      | Mangled by an ogre

Illustrated notes

Levels and vault maps discovered:
D:1:      dpeg_arrival_rooms_a, layout_basic,
          dreamdust_ecumenical_altar_drowned_temple
D:2:      layout_basic, kennysheep_flooded_box, minmay_misc_feat_diagonals,
          uniq_robin
D:3:      due_chaos_kobolds, layout_rooms, chequers_serial_rivers_micro_d,
          lightli_corner_chamber, uniq_grinder, uniq_jessica, uniq_sigmund,
          uniq_natasha, uniq_terence

Skill      XL: |  1  2  3  4 |
---------------+-------------+-----
Stealth        | 2 |  2.0
Summonings     | 5 6 |  6.2
Spellcasting   | 3 |  3.1
Dodging        | |  2.3

Action                     |  1- 3 |  4- 6 || total
---------------------------+-------+-------++-------
  Melee: Unarmed           |    72 |       ||    72
         Dagger            |    63 |    34 ||    97
         Punch             |     2 |       ||     2
   Cast: Summon Small Mamm |    22 |     1 ||    23
         Call Canine Famil |     1 |     3 ||     4
         Call Imp          |     1 |     2 ||     3
Ability: Hop               |     1 |     1 ||     2
   Stab: Sleeping          |     7 |       ||     7
         Distracted        |     1 |       ||     1
 Armour: Robe              |    55 |    17 ||    72
  Dodge: Dodged            |   149 |    46 ||   195
